 Dungeon Crawl Stone Soup version 0.31-a0-924-ge39a22a033 (webtiles) character file.

Game seed: 1985743710434570078

106 Fildev the Covered (level 4, -1/29 HPs)
             Began as a Gargoyle Fighter on Oct 18, 2023.
             Slain by an iguana (3 damage)
             ... on level 4 of the Dungeon.
             The game lasted 00:33:37 (2539 turns).

Fildev the Covered (Gargoyle Fighter)               Turns: 2539, Time: 00:33:37

Health: -1/29      AC: 12    Str: 21    XL:     4   Next: 84%
Magic:  4/4        EV:  9    Int:  9    God:
Gold:   163        SH:  4    Dex:  9    Spells: 3/3 levels left

rFire   . . .        w - +2 dagger (flame)
rCold   . . .        c - +0 buckler
rNeg    + . .        b - +0 scale mail
rPois   ∞            r - +1 helmet
rElec   +            (no cloak)
rCorr   .            (no gloves)
SInv    +            (no boots)
Will    .....        (no amulet) Stlth
                     l - ring of see invisible
HPRegen 0.24/turn    (no ring)
MPRegen 0.09/turn

%: no passive effects
@: no status effects
A: sickness immunity, AC +3, negative energy resistance 1, electricity
resistance, torment resistance 1, petrification resistance
a: no special abilities


You were on level 4 of the Dungeon.
You visited 1 branch of the dungeon, and saw 4 of its levels.

You collected 163 gold pieces.

Inventory:

Hand Weapons
 a - a +0 long sword
 f - a +0 sling
 i - a +0 whip
 j - a +0 dagger
 k - a +0 dagger
 n - a +0 dagger
 o - a +0 short sword
 q - a +0 falchion
 s - a +0 dagger
 w - a +2 dagger of flaming (weapon)
 G - a +0 spear
Missiles
 g - 5 poisoned darts
Armour
 b - a +0 scale mail (worn)
 c - a +0 buckler (worn)
 d - a +0 helmet
 h - a +0 ring mail
 r - a +1 helmet (worn)
 t - a +0 leather armour
 x - a +0 ring mail
Jewellery
 l - a ring of see invisible (left hand)
Scrolls
 y - a scroll of enchant weapon {unknown}
 z - 2 scrolls of teleportation {unknown}
 A - a scroll of vulnerability {unknown}
 B - 2 scrolls of poison {unknown}
 D - 2 scrolls of identify {unknown}
 E - a scroll of torment {unknown}
 H - a scroll of enchant armour {unknown}
Potions
 e - a potion of attraction {unknown}
 m - a potion of degeneration {unknown}
 p - a potion of brilliance {unknown}
 u - a potion of invisibility {unknown}
 v - a potion of lignification {unknown}
 C - a potion of might
 F - a potion of mutation {unknown}


   Skills:
 + Level 3.8 Fighting
 + Level 3.0 Long Blades
 + Level 4.0 Armour
 + Level 0.7 Dodging
 + Level 0.3 Stealth
 + Level 3.7 Shields


You had 3 spell levels left.
You didn't know any spells.
Your spell library contained the following spells:

 Spells                   Type           Power      Damage    Failure   Level
 Kiss of Death            Conj/Necr      0%         2d5       78%         1
 Confusing Touch          Hex            0%         N/A       98%         3
 Dispel Undead            Necr           0%         3d6       100%        4


Dungeon Overview and Level Annotations

Branches:
Dungeon (4/15)
 Temple: D:4-7

Altars:
Nemelex Xobeh

Portals:
Sewer: D:3


Innate Abilities, Weirdness & Mutations

You are immune to sickness and miasma.
Your stone body is resilient. (AC +3)
You are immune to poison.
You resist negative energy. (rN+)
You are resistant to electric shocks. (rElec)
You are resistant to unholy torment.
You are immune to petrification.


Message History

Found a scroll labelled LYFISI WORCH.
H - a scroll labelled LYFISI WORCH You now have 163 gold pieces (gained 9).
There is a stone staircase leading down here.
You climb downwards.
The iguana hisses angrily.
Found a rapier.
There is a stone staircase leading up here.
You see here a +0 rapier.
The iguana misses you.
You hit the iguana. You burn the iguana.
The iguana is moderately wounded.
The iguana bites you!
You hit the iguana. You burn the iguana.
The iguana is moderately wounded.
You block the iguana's attack.
You hit the iguana but do no damage.
The iguana is moderately wounded.
You barely miss the iguana.
The iguana is moderately wounded.
The iguana bites you but does no damage.
You hit the iguana. You burn the iguana.
The iguana is severely wounded.
You block the iguana's attack.
You barely miss the iguana.
The iguana is severely wounded.
The iguana bites you.
You hit the iguana. You burn the iguana.
The iguana is almost dead.
The iguana bites you!
You barely miss the iguana.
The iguana is almost dead.
The iguana closely misses you.
You closely miss the iguana.
The iguana is almost dead.
The iguana bites you!
* * * LOW HITPOINT WARNING * * *
There is a stone staircase leading up here.
The iguana bites you.
You die...

############
#..........#
#.......)..#####
#......l@.......
#............###
############.#
.. .. #


You could see an iguana.

Vanquished Creatures
  Robin (D:2)
  2 worms (D:3)
  A dart slug (D:2)
  6 ball pythons
  4 bats
  4 endoplasms
  2 giant cockroaches
  13 goblins
  10 hobgoblins
  10 jackals
  10 kobolds
  2 quokkas (D:1)
  5 frilled lizards
  6 rats
76 creatures vanquished.

Notes
Turn   | Place    | Note
-------+----------+-------------------------------------------
     0 | D:1      | Fildev the Gargoyle Fighter began the quest for the Orb.
     0 | D:1      | Reached XP level 1. HP: 14/14 MP: 1/1
   218 | D:1      | Reached XP level 2. HP: 19/19 MP: 2/2
   654 | D:1      | Reached XP level 3. HP: 22/23 MP: 3/3
  1029 | D:2      | Noticed Robin
  1068 | D:2      | Killed Robin
  1069 | D:2      | Reached XP level 4. HP: 10/29 MP: 4/4
  2037 | D:3      | Found a sparkling altar of Nemelex Xobeh.
  2353 | D:3      | Found a glowing drain.
  2376 | D:3      | Reached skill level 4 in Armour
  2537 | D:4      | HP: 1/29 [iguana (9)]
  2539 | D:4      | Slain by an iguana

Illustrated notes

Levels and vault maps discovered:
D:1:      amcnicky_arrival_underground_garden, layout_basic,
          roderic_roman_lattice
D:2:      layout_basic, serial_aquarium, aquarium_bridge_straight
          [aquarium_subvault_bridge, aquarium_subvault_balcony,
          aquarium_subvault_bridge, aquarium_subvault_wall],
          aquarium_bridge_island_large [aquarium_subvault_large_open,
          aquarium_subvault_bridge, aquarium_subvault_window,
          aquarium_subvault_bridge, aquarium_subvault_bridge],
          aquarium_window_1, aquarium_window_2, aquarium_window_fake,
          aquarium_view_2b, aquarium_pool_2, amcnicky_mini_rare_corridor_liquid,
          minmay_misc_feat_plants, serial_bayou_crossing, uniq_robin
D:3:      layout_loops_ring, mainiacjoe_overflow_catwalk,
          cheibrodos_sewer_entry_drain
D:4:      minmay_diamond_boxcup, layout_rooms, uniq_ijyb

Skill      XL: |  1  2  3  4 |
---------------+-------------+-----
Long Blades    | 2 3 |  3.0
Armour         | 4 |  4.0
Fighting       | |  3.8
Dodging        | |  0.7
Stealth        | |  0.3
Shields        | |  3.7

Action                     |  1- 3 |  4- 6 || total
---------------------------+-------+-------++-------
  Melee: Long sword        |   183 |    14 ||   197
         Dagger            |       |   105 ||   105
    Use: Potion            |     1 |       ||     1
 Armour: Scale mail        |   128 |    60 ||   188
  Dodge: Dodged            |   105 |    33 ||   138
  Block: Buckler           |    44 |    15 ||    59

Table legend: (Time is in decaauts)
 A = Elapsed time spent in this place.
 B = Non-inter-level travel time spent in this place.
 C = Inter-level travel time spent in this place.
 D = Time resting spent in this place.
 E = Time spent auto-exploring this place.
 F = Levels seen in this place.
 G = Mean time per level.
                   A        B        C        D        E       F      G
               +--------+--------+--------+--------+--------+-----+--------+
         Total |   2613 |    759 |   1854 |      0 |      0 |   4 |  653.2 |
       Dungeon |   2613 |    759 |   1854 |      0 |      0 |   4 |  653.2 |
               +--------+--------+--------+--------+--------+-----+--------+

Top non-repeatable levels by time:
     D:1: 1068 daAuts
     D:2: 1050 daAuts
     D:3: 480 daAuts
     D:4: 14 daAuts
